 Dungeon Crawl Stone Soup version 0.29-a0-1019-g84f7d21838 (webtiles) character file.

Game seed: 11794841202738089386

7940 freelancePsychic the Frost Mage (level 11, -10/68 HPs)
             Began as a Gargoyle Hedge Wizard on Aug 10, 2022.
             Was a Believer of Sif Muna.
             Mangled by a sixfirhy (13 damage)
             ... summoned by a kobold demonologist
             ... on level 11 of the Dungeon.
             The game lasted 00:25:24 (14932 turns).

freelancePsychic the Frost Mage (GrHW)             Turns: 14932, Time: 00:25:24

Health: -10/68     AC:  0    Str: 12 (13) XL:     11   Next: 23%
Magic:  14/16      EV: 13    Int: 20 (23) God:    Sif Muna [**....]
Gold:   619        SH:  0    Dex:  6 (8)  Spells: 12/17 levels left

rFire   + . .      SeeInvis .   (weapon currently unavailable)
rCold   + . .      Faith    .   (shield currently unavailable)
rNeg    + . .      Spirit   .   (body armour currently unavailable)
rPois   ∞          Reflect  .   (helmet currently unavailable)
rElec   +          Harm     .   (cloak currently unavailable)
rCorr   +          Rampage  .   (gloves currently unavailable)
Will    .....                   (boots currently unavailable)
Stlth   ++........              (no amulet)
HPRegen 0.21/turn               (ring currently unavailable)
MPRegen 0.15/turn               (ring currently unavailable)

@: pig-form (expiring), resistant, very quick
A: fast, no casting, sickness immunity, AC +8, small, negative energy resistance
1, (electricity resistance), torment resistance 1, petrification resistance,
(claws 1), clever 1
a: Renounce Religion, Channel Magic


You were on level 11 of the Dungeon.
You worshipped Sif Muna.
Sif Muna was pleased with you.
You were a filthy swine.
You visited 1 branch of the dungeon, and saw 11 of its levels.
You also visited: Gauntlet.

You collected 619 gold pieces.

Inventory:

Hand Weapons
 k - a +2 dagger of venom (melded)
Missiles
 s - a throwing net
Armour
 b - a +0 robe (melded)
 j - a +2 pair of gloves (melded)
 l - a +1 helmet (melded)
Jewellery
 c - a ring of flight (melded)
 r - a ring of fire
 v - a +6 ring of intelligence (melded)
Wands
 n - a wand of roots (2)
 y - a wand of charming (4)
Scrolls
 u - 2 scrolls of fog
 x - 2 scrolls of magic mapping
 z - a scroll of enchant armour
 B - a scroll of blinking
Potions
 d - 2 potions of flight
 e - a potion of attraction {unknown}
 f - 2 potions of berserk rage {unknown}
 g - 4 potions of curing {@q1}
 h - a potion of magic
 i - 2 potions of mutation
 m - 2 potions of haste {unknown}
 o - a potion of degeneration
 p - 2 potions of cancellation {unknown}
 q - a potion of lignification {unknown}
 t - a potion of brilliance {unknown}
 w - 3 potions of ambrosia {unknown}
 A - 4 potions of might {unknown}


   Skills:
 - Level 7.7 Fighting
 + Level 3.0 Short Blades
 - Level 1.5 Dodging
 + Level 5.4 Stealth
 - Level 3.7 Spellcasting
 - Level 3.1 Conjurations
 - Level 5.0 Hexes
 - Level 5.2 Summonings
 - Level 0.8 Translocations
 * Level 8.9 Ice Magic
 - Level 7.7 Invocations


You had 12 spell levels left.
You knew the following spells:

 Your Spells              Type           Power      Damage    Failure   Level
b - Summon Guardian Gole  Hex/Summ       24%        N/A       4%          3
c - Ensorcelled Hibernat  Hex/Ice        62%        N/A       1%          2

Your spell library contained the following spells:

 Spells                   Type           Power      Damage    Failure   Level
 Slow                     Hex            96%        N/A       1%          1
 Ozocubu's Armour         Ice            39%        N/A       1%          3
 Call Imp                 Summ           24%        N/A       2%          2
 Magic Dart               Conj           64%        1d6       3%          1
 Confusing Touch          Hex            24%        N/A       4%          3
 Tukima's Dance           Hex            24%        N/A       4%          3
 Beastly Appendage        Tmut           6%         N/A       13%         1
 Blink                    Tloc           14%        N/A       14%         2
 Passwall                 Tmut/Erth      2%         N/A       21%         2
 Wereblood                Tmut           3%         N/A       21%         2
 Conjure Flame            Conj/Fire      10%        6-21      21%         3
 Mephitic Cloud           Conj/Pois/Air  7%         N/A       26%         3
 Gell's Gravitas          Tloc           7%         N/A       28%         3
 Teleport Other           Tloc           7%         N/A       28%         3
 Spider Form              Tmut/Pois      3%         N/A       36%         3
 Swiftness                Air            3%         N/A       36%         3
 Vampiric Draining        Necr           3%         2d6       36%         3
 Passage of Golubria      Tloc           7%         N/A       67%         4
 Yara's Violent Unravell  Hex/Tmut       6%         3d5       78%         5
 Ozocubu's Refrigeration  Ice            19%        4d11      96%         7
 Dispersal                Tloc           3%         N/A       100%        6
 Orb of Destruction       Conj           8%         9d6       100%        7
 Spellforged Servitor     Conj/Summ      10%        N/A       100%        7


Dungeon Overview and Level Annotations

Branches:
Dungeon (11/15)            Temple (0/1) D:6            Lair (0/5) D:10
    Orc (0/2) D:11        Gauntlet (visited)

Altars:
Ashenzari
Dithmenos
Elyvilon
Kikubaaqudgha
Sif Muna
Trog
Vehumet
Wu Jian
Yredelemnul

Shops:
D:6 ([([

Annotations:
D:8 3 runed translucent doors, Tollund's ghost, novice HOMo


Innate Abilities, Weirdness & Mutations

You are a filthy swine.
You move quickly.
Your equipment is almost entirely melded.
You are incapable of wielding weapons or throwing items.
You cannot cast spells.
You are immune to sickness and miasma.
((Your stone body is resilient. (AC +8)))
You are immune to poison.
You resist negative energy. (rN+)
((You are resistant to electric shocks. (rElec)))
You are resistant to unholy torment.
You are immune to petrification.
((You have sharp fingernails.))
Your mind is acute. (Int +4, Str/Dex -1)


Message History

Your ring of flight melds into your body.
Your +2 dagger of venom stops dripping with poison.
You feel stupid.
You float gracefully downwards.
The now-empty wand crumbles to dust.
You miss the kobold demonologist.
The kobold demonologist is heavily wounded.
You hit the kobold demonologist but do no damage.
The kobold demonologist is heavily wounded.
The kobold demonologist gestures wildly while chanting.
The kobold demonologist mumbles some strange words.
You see here a +0 scale mail.
The crimson imp disappears in a puff of smoke!
The ufetubus disappears in a puff of smoke!
The kobold demonologist mumbles some strange words.
The iron imp grinds its teeth.
The kobold demonologist mumbles some strange words.
The shadow imp gestures at you. Pain shoots through your body!
The sixfirhy closely misses you. The sixfirhy hits you!
The sixfirhy shocks you! The sixfirhy attacks as you move away!
The sixfirhy hits you! The sixfirhy shocks you!
* * * LOW HITPOINT WARNING * * *
The sixfirhy closely misses you.
Your transformation is almost over.
You feel protected. The white imp gestures at you. The puff of frost hits you.
You resist.
* * * LOW HITPOINT WARNING * * *
The kobold demonologist looks satisfied for a moment.
You feel better. The sixfirhy hits you.
* * * LOW HITPOINT WARNING * * *
The sixfirhy shocks you. You resist.
* * * LOW HITPOINT WARNING * * *
The sixfirhy hits you.
* * * LOW HITPOINT WARNING * * *
The sixfirhy shocks you. You resist.
* * * LOW HITPOINT WARNING * * *
The sixfirhy hits you!
You die...

...###..(....#.......#.##,*,,,..,
....<...#....#.#(#+#.#,.#,*,#..#.
###...§§#.#.##.#.....#..#,*,,*#.?
#.....#.#....#......#,***,,*#.C
**#.....#...........#,*,,,*,#..#.
*...........######'##.#,,,*......
#....#......######....#,,,*######
#....#......##....#######**,*,,,,
#....#......##..h.#..(...,,,,,,,*
######......##..3...####,,,,,,,,,
*****##...##*#.........#*,,,,,,,*
**,,,,*,,,* ##.5......+,,*,,,,,,
**,,,,*,,,#####55#.$...#***,,,,,*
**,,,,*,,,#.....(#......# *,,,,,,
,,,,,,*,^,#....K.#......#**,,*,,*
,,,****,,,#..†.[.#......#*,,,*,,*
,,,* *,,,#............?#*,,,,,,*


You could see a kobold demonologist (very poisoned), a sixfirhy (summoned), an
iron imp (summoned), a white imp (summoned) and a shadow imp (summoned).

Vanquished Creatures
  A kobold demonologist (D:9)
  4 yaks
  A wyvern (D:8)
  A steam dragon (D:9)
  An orc warrior (D:6)
  2 sky beasts
  3 centaurs
  A phantom (D:7)
  2 kobold brigands
  3 bullfrogs
  A gnoll sergeant (D:9)
  A necrophage (D:7)
  4 scorpions
  2 wights (D:7)
  7 killer bees
  2 jellies (D:5)
  4 howler monkeys
  A hound (D:6)
  4 orc priests
  An iguana (D:7)
  7 orc wizards
  A gnoll (D:9)
  6 adders
  2 shadow imps
  2 white imps (D:8)
  An ufetubus (D:7)
  A worm (D:4)
  21 orcs
  9 ball pythons
  2 bats
  8 endoplasms
  3 giant cockroaches
  8 goblins
  3 hobgoblins
  4 jackals (D:1)
  16 kobolds
  A frilled lizard (D:1)
  3 rats
144 creatures vanquished.

Vanquished Creatures (collateral kills)
  An ogre (D:4)
1 creature vanquished.

Vanquished Creatures (others)
  Harold (D:9)
  A cyclops (D:11)
  A gargoyle (D:10)
  A kobold demonologist (D:8)
  Prince Ribbit (D:6)
  2 wyverns
  6 yaks (D:9)
  An acid dragon (D:11)
  A black bear (D:5)
  3 orc warriors
  A centaur (D:9)
  An ogre (D:5)
  An ice beast (D:8)
  A kobold brigand (D:9)
  6 wights
  2 killer bees (D:8)
  2 centaur zombies (D:8)
  A jelly (D:6)
  An iguana (D:4)
  2 orc wizards
  3 gnolls (D:9)
  A white imp (D:5)
  2 orcs
  4 kobolds (D:9)
  4 fungi (D:10)
  A plant (Gauntlet)
51 creatures vanquished.

Grand Total: 196 creatures vanquished

Notes
Turn   | Place    | Note
-------+----------+-------------------------------------------
     0 | D:1      | freelancePsychic the Gargoyle Hedge Wizard began the quest
                  | for the Orb.
     0 | D:1      | Reached XP level 1. HP: 10/10 MP: 4/4
   278 | D:1      | Reached XP level 2. HP: 13/16 MP: 6/6
   555 | D:1      | Reached skill level 1 in Fighting
   870 | D:1      | Reached XP level 3. HP: 20/20 MP: 1/7
  1947 | D:2      | Found a shimmering blue altar of Sif Muna.
  1959 | D:2      | Became a worshipper of Sif Muna the Loreminder
  2382 | D:3      | Found a white marble altar of Elyvilon.
  2522 | D:3      | Reached XP level 4. HP: 26/26 MP: 2/8
  2891 | D:3      | Found an ancient bone altar of Kikubaaqudgha.
  3244 | D:4      | Noticed an ogre
  3262 | D:4      | Killed an ogre
  3263 | D:4      | Reached skill level 1 in Hexes
  3263 | D:4      | Reached skill level 1 in Summonings
  3263 | D:4      | Reached skill level 1 in Invocations
  3263 | D:4      | Reached XP level 5. HP: 30/30 MP: 3/9
  3499 | D:4      | Learned a level 3 spell: Summon Guardian Golem
  3910 | D:5      | Entered Level 5 of the Dungeon
  3910 | D:5      | Noticed an ogre
  4134 | D:4      | Reached XP level 6. HP: 24/35 MP: 5/10
  4338 | D:4      | Found a shimmering blue altar of Sif Muna.
  4600 | D:4      | Reached * piety under Sif Muna
  4701 | D:5      | Noticed a black bear
  4716 | D:5      | Killed a black bear
  4717 | D:5      | Reached XP level 7. HP: 40/40 MP: 7/11
  5529 | D:6      | Noticed Prince Ribbit
  5542 | D:6      | Killed Prince Ribbit
  5543 | D:6      | Reached XP level 8. HP: 36/47 MP: 9/12
  5687 | D:6      | Found a staircase to the Ecumenical Temple.
  6427 | D:6      | Found Wyanun's Armour Emporium.
  6502 | D:6      | Found Bifets's Firing Range.
  6515 | D:6      | Reached skill level 5 in Summonings
  6721 | D:6      | Reached skill level 5 in Hexes
  6874 | D:6      | Found Naodd's Armour Shop.
  6925 | D:6      | Found Saifytor's Antique Weapon Shoppe.
  7083 | D:6      | Found a radiant altar of Vehumet.
  7543 | D:7      | Reached XP level 9. HP: 24/53 MP: 14/14
  7919 | D:7      | Reached skill level 5 in Fighting
  7919 | D:7      | Reached skill level 5 in Invocations
  7970 | D:7      | Found an ornate altar of the Wu Jian Council.
  8387 | D:7      | Reached skill level 1 in Ice Magic
  8521 | D:7      | Reached skill level 2 in Ice Magic
  9105 | D:8      | Reached skill level 3 in Ice Magic
  9308 | D:8      | Reached ** piety under Sif Muna
  9611 | D:8      | Found a shadowy altar of Dithmenos.
  9730 | D:8      | Reached skill level 4 in Ice Magic
 10181 | D:8      | Found a bloodstained altar of Trog.
 10266 | D:8      | Found a runed translucent gate.
 10266 | D:8      | Found a runed translucent gate.
 10266 | D:8      | Found a runed translucent gate.
 10266 | D:8      | Noticed Tollund's ghost (novice HOMo)
 10268 | D:8      | Found a basalt altar of Yredelemnul.
 10435 | D:9      | Noticed a kobold demonologist
 10437 | D:9      | Noticed a kobold demonologist
 10439 | D:9      | Noticed an orange demon
 10636 | D:8      | Learned a level 2 spell: Ensorcelled Hibernation
 10645 | D:8      | Noticed a sun demon
 11398 | D:9      | Gained mutation: Your body sometimes deteriorates upon
                  | taking damage. [a neqoxec]
 11401 | D:9      | Killed a kobold demonologist
 11402 | D:9      | Reached skill level 5 in Ice Magic
 11402 | D:9      | Reached XP level 10. HP: 50/61 MP: 15/15
 11573 | D:9      | Reached skill level 6 in Ice Magic
 11753 | D:8      | Noticed a smoke demon
 11761 | D:8      | Noticed an orange demon
 11765 | D:8      | Killed a kobold demonologist
 11766 | D:8      | Reached skill level 7 in Ice Magic
 12438 | D:9      | Noticed Harold
 12491 | D:9      | Killed Harold
 12492 | D:9      | Reached skill level 1 in Short Blades
 12912 | D:9      | Reached skill level 8 in Ice Magic
 13345 | D:10     | Entered Level 10 of the Dungeon
 13456 | D:10     | Lost mutation: Your body sometimes deteriorates upon taking
                  | damage. [potion of mutation]
 13456 | D:10     | Gained mutation: You have sharp fingernails. [potion of
                  | mutation]
 13456 | D:10     | Gained mutation: Your mind is acute. (Int +4, Str/Dex -1)
                  | [potion of mutation]
 13500 | D:10     | Reached XP level 11. HP: 66/68 MP: 16/16
 13920 | D:10     | Reached skill level 5 in Stealth
 14076 | D:10     | Found a broken altar of Ashenzari.
 14222 | D:10     | Found a staircase to the Lair.
 14537 | D:11     | Found a gate leading to a gauntlet.
 14541 | Gauntlet | Entered a Gauntlet
 14541 | Gauntlet | Found a transporter.
 14541 | Gauntlet | Found a transporter.
 14541 | Gauntlet | Found a runed translucent door.
 14543 | Gauntlet | Noticed a death scarab
 14544 | Gauntlet | Noticed a sixfirhy
 14581 | Gauntlet | Found a runed translucent door.
 14592 | Gauntlet | Found a transporter.
 14596 | Gauntlet | Found a transporter.
 14598 | Gauntlet | Noticed a catoblepas
 14604 | Gauntlet | Found a transporter.
 14608 | Gauntlet | Found a transporter.
 14610 | Gauntlet | Noticed a fire crab
 14616 | Gauntlet | Found a transporter.
 14629 | Gauntlet | Noticed an entropy weaver
 14632 | Gauntlet | Found a transporter.
 14649 | Gauntlet | Found a transporter.
 14650 | Gauntlet | Found a transporter.
 14658 | Gauntlet | Found a transporter.
 14662 | Gauntlet | Found a transporter.
 14722 | D:11     | Noticed a cyclops
 14765 | D:11     | Noticed a cyclops
 14790 | D:11     | Killed a cyclops
 14926 | D:11     | Noticed a sixfirhy
 14932 | D:11     | HP: 3/68 [sixfirhy[a kobold demonologist] (3)]
 14932 | D:11     | Mangled by a sixfirhy

Illustrated notes

Levels and vault maps discovered:
D:1:      minmay_arrival_five_plusses, layout_loops_cross,
          corexii_hall_statues_x
D:2:      layout_basic, basic_altar
D:3:      layout_basic, overflow_temple_1_default, elyvilon_altar_5
D:4:      layout_cave_pools, tgw_sif, st_stairs_8
D:5:      layout_rooms, grunt_decor_arrowhead
D:6:      layout_cave_pools, nicolae_vehumet_altar_sigil,
          minmay_temple_entry_statues_pillars, serial_shops, shop,
          nicolae_square_shop, nicolae_inconvenience_store,
          nicolae_shop_firing_range, uniq_prince_ribbit1
D:7:      layout_cave_pods, nicolae_wu_jian_immortal_techniques
D:8:      layout_basic, nicolae_yredelemnul_ghost_church,
          lightli_temple_of_fire, kennysheep_mini_moat
D:9:      layout_cave_pools, uniq_harold
D:10:     layout_roguey, nicolae_ashenzari_skybound,
          grunt_lair_entry_orc_guard_hut
D:11:     layout_basic, david_orc_3, gauntlet_entry_generic,
          kennysheep_generic_room_15

Skill      XL: |  1  2  3  4  5  6  7  8  9 10 11 |
---------------+----------------------------------+-----
Conjurations   | 2 3 |  3.1
Fighting       | 1 2 3 4 6 7 |  7.7
Hexes          | 1 2 3 4 5 |  5.0
Summonings     | 1 2 3 4 5 |  5.2
Invocations    | 1 2 3 4 6 7 |  7.7
Stealth        | 3 4 5 |  5.4
Ice Magic      | 5 8 |  8.9
Short Blades   | 2 3 |  3.0
Dodging        | |  1.5
Spellcasting   | |  3.7
Translocations | |  0.8

Action                   |  1- 3 |  4- 6 |  7- 9 | 10-12 || total
-------------------------+-------+-------+-------+-------++-------
Melee: Dagger            |    77 |    58 |   325 |   170 ||   630
       Punch             |     1 |       |     7 |       ||     8
       Unarmed           |       |       |       |     2 ||     2
 Cast: Magic Dart        |    71 |    73 |    59 |     8 ||   211
       Summon Guardian G |       |     4 |    37 |    22 ||    63
       Ensorcelled Hiber |       |       |     4 |    20 ||    24
Evoke: Wand              |       |       |     2 |     1 ||     3
  Use: Potion            |     1 |     1 |       |     5 ||     7
       Scroll            |     3 |     4 |     8 |     4 ||    19
 Stab: Sleeping          |     1 |     1 |     1 |    12 ||    15
       Distracted        |       |       |     1 |       ||     1
Armor: Robe              |    43 |    31 |   235 |    97 ||   406
Dodge: Dodged            |    45 |    37 |   260 |   144 ||   486

Table legend: (Time is in decaauts)
 A = Elapsed time spent in this place.
 B = Non-inter-level travel time spent in this place.
 C = Inter-level travel time spent in this place.
 D = Time resting spent in this place.
 E = Time spent auto-exploring this place.
 F = Levels seen in this place.
 G = Mean time per level.
                   A        B        C        D        E       F      G
               +--------+--------+--------+--------+--------+-----+--------+
         Total |  14929 |  14273 |    656 |   1923 |   9823 |  12 | 1244.1 |
       Dungeon |  14769 |  14113 |    656 |   1923 |   9687 |  11 | 1342.6 |
      Gauntlet |    160 |    160 |      0 |      0 |    136 |   1 |  160.0 |
               +--------+--------+--------+--------+--------+-----+--------+

Top non-repeatable levels by time:
     D:8: 2953 daAuts
     D:7: 2117 daAuts
     D:5: 1532 daAuts
     D:1: 1459 daAuts
     D:4: 1221 daAuts
     D:6: 1188 daAuts
    D:10: 1135 daAuts
     D:9: 1043 daAuts
     D:3: 957 daAuts
     D:2: 885 daAuts
    D:11: 275 daAuts
Gauntlet: 160 daAuts
